 Dungeon Crawl Stone Soup version 0.30-b1-2-g02819fbbbe (webtiles) character file.

Game seed: 11118980946246888658

24 sanka the Magician (level 2, -1/24 HPs)
             Began as a Deep Elf Transmuter on May 10, 2023.
             Succumbed to an adder's poison
             ... on level 2 of the Dungeon.
             The game lasted 00:02:11 (945 turns).

sanka the Magician (Deep Elf Transmuter)             Turns: 945, Time: 00:02:11

Health: -1/24      AC: 21    Str:  7    XL:     2   Next: 79%
Magic:  8/8        EV:  2    Int: 17    God:
Gold:   26         SH:  0    Dex: 15    Spells: 6/7 levels left

rFire   . .          .
                       - Unarmed
rCold   . . .        (no shield)
rNeg    . . .        a - melded +0 robe
rPois   +            (helmet currently unavailable)
rElec   .            (cloak currently unavailable)
rCorr   .            (gloves currently unavailable)
SInv    .            (boots currently unavailable)
Will    .....        (no amulet)
Stlth   +            f - ring of wizardry
HPRegen 0.24/turn    (no ring)
MPRegen 0.11/turn

%: wizardry (x1)
@: lethally poisoned (-1 -> -7), tree-form, invisible
A: stationary, stasis, torment immunity, boosted hp
a: no special abilities


You were on level 2 of the Dungeon.
You were a tree.
You visited 1 branch of the dungeon, and saw 2 of its levels.

You collected 26 gold pieces.

Inventory:

Missiles
 i - 2 poisoned darts
Armour
 a - a +0 robe (melded)
Jewellery
 f - a ring of wizardry (left branch)
Scrolls
 c - 2 scrolls of teleportation {unknown}
 e - 2 scrolls of identify {unknown}
Potions
 g - a potion of might {unknown}
 h - a potion of heal wounds {unknown}


   Skills:
 - Level 1.3 Fighting
 - Level 3.0 Dodging
 - Level 2.4 Unarmed Combat
 - Level 3.0 Spellcasting
 + Level 1.0 Conjurations
 - Level 2.1 Transmutations
 + Level 1.0 Fire Magic


You had 6 spell levels left.
You knew the following spells:

 Your Spells              Type           Power      Damage    Failure   Level
a - Beastly Appendage     Tmut           20%        N/A       2%          1

Your spell library contained the following spells:

 Spells                   Type           Power      Damage    Failure   Level
 Wereblood                Tmut           10%        N/A       4%          2
 Summon Small Mammal      Summ           8%         N/A       7%          1
 Spider Form              Tmut/Pois      6%         N/A       13%         3
 Call Canine Familiar     Summ           2%         N/A       21%         3
 Summon Guardian Golem    Hex/Summ       2%         N/A       21%         3
 Ice Form                 Ice/Tmut       6%         N/A       38%         4
 Fireball                 Conj/Fire      3%         3d4       75%         5
 Iskenderun's Battlesphe  Conj           6%         2d6       75%         5
 Conjure Ball Lightning   Conj/Air       2%         3x3d6     100%        6
 Orb of Destruction       Conj           3%         9d5       100%        7


Dungeon Overview and Level Annotations

Branches:
Dungeon (2/15)

Altars:

Shops:
D:2 *


Message History

The adder bites you.
You are poisoned.
The adder poisons you!
You hit the adder but do no damage. You claw the adder. You headbutt the adder.
The adder is moderately wounded.
You feel sick. The adder closely misses you.
You miss the adder. You claw the adder, but do no damage.
Your punch misses the adder.
The adder is moderately wounded.
You feel sick. The adder closely misses you. x2
You closely miss the adder. Your kick misses the adder.
The adder is moderately wounded.
You feel sick. The adder bites you.
Unknown command.
You completely miss the adder.
The adder is moderately wounded.
You feel sick.
You are no longer poisoned.
The adder bites you.
You are poisoned.
The adder poisons you!
You hit the adder.
The adder is heavily wounded.
You feel sick. The adder bites you.
* * * LOW HITPOINT WARNING * * *
Unknown command.
Really quaff
b - a potion of lignification {!q}?
Really quaff the potion of lignification?
Your horns disappear.
Your talons disappear.
You turn into a tree.
Your +0 robe melds into your body.
Your roots penetrate the ground.
* * * LOW HITPOINT WARNING * * *
You feel sick. The adder bites you but does no damage. The adder bites you.
* * * LOW HITPOINT WARNING * * *
You are more poisoned.
The adder poisons you!
Unknown command.
It was a potion of invisibility.
You fade into invisibility!
You die...

...## ############
##...#
#........... .....
+........... #..#
#...........
#..####...........
#.....#####†.†.###
#......####.##.#
#.#......##.##.#
#♣######.##.##.#
#S# #....##.# #.#
###..##†# #'#
#...#.### ...
##....... ...
#....#..... ...
#.#........ ....#
#.##.#..# #
#<.##..


You could see an adder (unable to see you).

Vanquished Creatures
  An adder (D:2)
  2 ball pythons
  3 goblins (D:1)
  2 hobgoblins (D:2)
  2 jackals (D:1)
  A quokka (D:2)
  A bat (D:1)
  2 rats
14 creatures vanquished.

Notes
Turn   | Place    | Note
-------+----------+-------------------------------------------
     0 | D:1      | sanka the Deep Elf Transmuter began the quest for the Orb.
     0 | D:1      | Reached XP level 1. HP: 11/11 MP: 6/6
   460 | D:1      | Reached skill level 1 in Fighting
   668 | D:1      | Reached XP level 2. HP: 16/16 MP: 8/8
   784 | D:2      | Found Mamis's Assorted Antiques.
   900 | D:2      | Reached skill level 1 in Conjurations
   900 | D:2      | Reached skill level 1 in Fire Magic
   944 | D:2      | HP: 1/24 [adder (2)]
   945 | D:2      | Succumbed to an adder's poison

Illustrated notes

Levels and vault maps discovered:
D:1:      elethiomel_arrival_maze, layout_basic
D:2:      layout_basic, serial_shops, nicolae_shop_tiny_statue_garden,
          nicolae_shop_rolling_square, nicolae_shop_hallway_plus,
          nicolae_shop_trees, shop, dk_noncrumbling_2

Skill      XL: |  1  2 |
---------------+-------+-----
Fighting       | 1 |  1.3
Dodging        | 3 |  3.0
Conjurations   | 1 |  1.0
Fire Magic     | 1 |  1.0
Unarmed Combat | |  2.4
Spellcasting   | |  3.0
Transmutations | |  2.1

Action                     || total
---------------------------++-------
  Melee: Unarmed           ||    46
         Kick              ||    17
         Headbutt          ||     4
   Cast: Beastly Appendage ||    13
    Use: Potion            ||     2
 Armour: Robe              ||     6
         Skin              ||     1
  Dodge: Dodged            ||    34
